 Dungeon Crawl Stone Soup version 0.29.0-4-gdea44cf6ec (webtiles) character file.

Game seed: 18325149210783134929

91 qw the Chopper (level 4, -1/26 HPs)
             Began as a Tengu Warper on Aug 28, 2022.
             Slain by a goblin
             ... wielding a +0 dagger
             ... led by Robin
              (5 damage)
             ... on level 2 of the Dungeon.
             The game lasted 00:00:08 (1808 turns).

qw the Chopper (Tengu Warper)                       Turns: 1808, Time: 00:00:09

Health: -1/26      AC: 11    Str: 16    XL:     4   Next: 57%
Magic:  8/8        EV:  7    Int: 13    God:
Gold:   65         SH:  0    Dex: 14    Spells: 7/7 levels left

rFire   . . .      SeeInvis .   Y - +0 hand axe
rCold   . . .      Faith    .   (no shield)
rNeg    . . .      Spirit   .   d - +0 chain mail
rPois   .          Reflect  .   b - +3 hat of Least Resistance {Str+3}
rElec   .          Harm     .   (no cloak)
rCorr   .          Rampage  .   (no gloves)
Will    .....                   (boots unavailable)
Stlth   ..........              (no amulet)
HPRegen 0.08/turn               (no ring)
MPRegen 0.11/turn               (no ring)

@: no status effects
A: beak, talons 3
a: no special abilities


You were on level 2 of the Dungeon.
You visited 1 branch of the dungeon, and saw 2 of its levels.

You collected 65 gold pieces.


Innate Abilities, Weirdness & Mutations

You have a beak for a mouth.
You have claws for feet.


   Skills:
 - Level 2.0 Fighting
 + Level 5.1 Axes
 - Level 1.0 Throwing
 - Level 1.1 Armour
 - Level 2.1 Dodging
 - Level 2.0 Spellcasting
 - Level 2.4 Translocations


You had 7 spell levels left.
You didn't know any spells.
Your spell library contained the following spells:

 Spells                   Type           Power      Damage    Failure   Level
 Blink                    Tloc           14%        N/A       96%         2
 Gell's Gravitas          Tloc           7%         N/A       99%         3
 Lesser Beckoning         Tloc           7%         N/A       99%         3
 Teleport Other           Tloc           7%         N/A       99%         3
 Manifold Assault         Tloc           7%         N/A       100%        5

Inventory:

Hand Weapons
 f - a +5 club
 Y - a +0 hand axe (weapon)
Armour
 b - the +3 hat of Least Resistance (worn) {Str+3}
   (You acquired it on level 1 of the Dungeon)

   Str:       It affects your strength (+3).
 d - a +0 chain mail (worn)
Wands
 g - a wand of digging (3)
Scrolls
 a - a scroll of identify
 e - a scroll of enchant weapon {unknown}
 k - a scroll of poison {unknown}
Potions
 c - a potion of berserk rage {unknown}
 h - 2 potions of curing {unknown}
 i - a potion of mutation {unknown}
 j - a potion of heal wounds {unknown}

Dungeon Overview and Level Annotations

Branches:
Dungeon (2/15)

Altars:

Annotations:
D:2 Robin


Message History

The goblin barely misses you. x2; The goblin hits you with a +0 club.
The goblin hits you with a +0 dagger.
You hit the goblin.
You kill the goblin!
You hit the goblin. You closely miss the hobgoblin.
You closely miss the goblin. You hit the goblin.
You kill the goblin!
The goblin hits you with a +0 club. The hobgoblin barely misses you.
You hit the goblin.
You kill the goblin!
You hit the goblin but do no damage. You hit the goblin.
You kill the goblin!
You closely miss the hobgoblin. You hit the goblin but do no damage.
The hobgoblin hits you. The goblin closely misses you.
The goblin hits you with a +0 dagger.
You closely miss the goblin. You peck the goblin.
You kill the goblin!
You barely miss the goblin. You hit the hobgoblin but do no damage.
You closely miss the goblin.
The hobgoblin hits you but does no damage.
The goblin hits you but does no damage. Robin throws the goblin at you!
The goblin unwields a +0 sling.
The goblin wields a +0 dagger.
The goblin hits you but does no damage.
You slash the hobgoblin!
You kill the hobgoblin!
You hit the goblin. You closely miss the goblin. You hit the goblin.
The goblin hits you but does no damage. x2
The goblin hits you with a +0 dagger.
You slash the goblin!
You kill the goblin!
You barely miss Robin. You barely miss the goblin.
You hit the goblin but do no damage. The goblin hits you but does no damage.
Robin throws the goblin at you! The goblin hits you with a +0 dagger.
You barely miss the goblin.
The goblin is moderately wounded.
You hit the goblin but do no damage. You closely miss Robin.
The goblin hits you but does no damage. Robin hits you with a +0 whip.
The goblin hits you with a +0 dagger.
You die...

#........ #. #........
##.## #........ ....
#........ ...###
#........ #####...###
#........ ..........#
#######'# ......))#.####
#.# ......g@g..%.# #..
......))g....# +..
.............## ######).
..............# #.......
..............# #.#.....
..............# #.#.....
..............###...##..
...................###..
#########.%.%>.# ###


You could see Robin (resistant) and 2 goblins.

Vanquished Creatures
  Jessica (D:2)
  2 adders (D:2)
  A dart slug (D:1)
  3 bats
  An endoplasm (D:2)
  2 giant cockroaches
  11 goblins
  5 hobgoblins
  3 kobolds (D:1)
  3 quokkas
  5 ball pythons
  A frilled lizard (D:2)
  3 rats
41 creatures vanquished.

Notes
Turn   | Place    | Note
-------+----------+-------------------------------------------
     0 | D:1      | qw the Tengu Warper began the quest for the Orb.
     0 | D:1      | Reached XP level 1. HP: 12/12 MP: 4/4
     0 | D:1      | 0 ||| qw: Version: 0.1-a-89-g26bdef1
     0 | D:1      | 0 ||| qw: Game counter: 2327
     0 | D:1      | 0 ||| qw: Always use a shield: true
     0 | D:1      | 0 ||| qw: God list: Okawaru
     0 | D:1      | 0 ||| qw: Allow faded altars: false
     0 | D:1      | 0 ||| qw: Do Orc after D:15 true
     0 | D:1      | 0 ||| qw: Do second Lair branch before Depths: true
     0 | D:1      | 0 ||| qw: Lair rune preference: random
     0 | D:1      | 0 ||| qw: Plans: Normal
     0 | D:1      | 0 ||| PLANNING D:1-11
   160 | D:1      | Reached skill level 3 in Axes
   160 | D:1      | Reached XP level 2. HP: 17/17 MP: 6/6
   276 | D:1      | Found a faded altar of an unknown god.
   293 | D:1      | HP: 4/17 [poisoned by a goblin]
  1247 | D:1      | 1247 ||| UPGRADING to +0 chain mail.
  1257 | D:1      | 1257 ||| DROPPING +0 leather armour.
  1258 | D:1      | 1258 ||| READING 2 scrolls labelled JIMEDAFYNN.
  1259 | D:1      | 1259 ||| READING scroll labelled OMOGOU MEQE.
  1260 | D:1      | 1260 ||| READING scroll labelled BOGYOM WYGATU.
  1263 | D:1      | 1263 ||| READING scroll labelled GENWIMPI LIGGU.
  1263 | D:1      | Identified a scroll of acquirement
  1263 | D:1      | 1263 ||| ACQUIRING +3 hat of Least Resistance {Str+3}
  1263 | D:1      | Acquired the +3 hat of Least Resistance {Str+3}
  1265 | D:1      | 1265 ||| UPGRADING to +3 hat of Least Resistance {Str+3}.
  1270 | D:1      | 1270 ||| DROPPING scroll of blinking.
  1398 | D:2      | Reached XP level 3. HP: 21/21 MP: 7/7
  1522 | D:2      | Noticed Jessica
  1523 | D:2      | 1523 ||| Stepping ~*~*~tactically~*~*~ (hiding).
  1526 | D:2      | 1526 ||| Stepping ~*~*~tactically~*~*~ (hiding).
  1530 | D:2      | Killed Jessica
  1531 | D:2      | Reached skill level 4 in Axes
  1635 | D:2      | 1635 ||| DROPPING +0 club.
  1679 | D:2      | Reached XP level 4. HP: 26/26 MP: 8/8
  1788 | D:2      | 1788 ||| Stepping ~*~*~tactically~*~*~ (stealth).
  1793 | D:2      | Reached skill level 5 in Axes
  1798 | D:2      | Noticed Robin
  1807 | D:2      | HP: 5/26 [goblin/+0 dagger[Robin] (3)]
  1808 | D:2      | Slain by a goblin

Levels and vault maps discovered:
D:1:      wander_arrival_desolate, layout_basic, serial_rivers,
          chequers_serial_rivers_micro_b, chequers_serial_rivers_micro_c,
          chequers_serial_rivers_small_a, chequers_serial_rivers_micro_a,
          chequers_serial_rivers_micro_c, basic_ecumenical_altar,
          kennysheep_crisscross
D:2:      layout_basic, uniq_crazy_yiuf_cottage, uniq_robin, uniq_jessica

Skill      XL: |  1  2  3  4 |
---------------+-------------+-----
Axes           | 3 4 5 |  5.1
Fighting       | |  2.0
Throwing       | |  1.0
Armour         | |  1.1
Dodging        | |  2.1
Spellcasting   | |  2.0
Translocations | |  2.4

Action                   |  1- 3 |  4- 6 || total
-------------------------+-------+-------++-------
Melee: Hand axe          |    63 |    27 ||    90
       Kick              |    15 |     4 ||    19
       Peck              |     5 |     6 ||    11
Throw: Boomerang         |     7 |       ||     7
  Use: Scroll            |     4 |       ||     4
Armor: Leather armour    |    19 |       ||    19
       Chain mail        |     2 |    25 ||    27
Dodge: Dodged            |    34 |    12 ||    46

Table legend:
 A = Non-vault XP
 B = Vault XP
 C = Vault XP percentage of total XP
 D = Non-vault monster count
 E = Vault monster count
 F = Vault count percentage of total count
                 A         B        C        D         E       F
            +---------+---------+-------+---------+---------+-------
      Total |      77 |      53 |  40.8 |      31 |      10 |  24.4
            +---------+---------+-------+---------+---------+-------
        D:1 |      31 |       0 |   0.0 |      18 |       0 |   0.0
        D:2 |      46 |      53 |  53.5 |      13 |      10 |  43.5
            +---------+---------+-------+---------+---------+-------
